 Dungeon Crawl Stone Soup version 0.30-a0-696-g2367cd04db (webtiles) character file.

Game seed: 10491397759660312611

2 Newt the Ducker (level 1, -1/16 HPs)
             Began as a Demonspawn Gladiator on Jan 21, 2023.
             Succumbed to a kobold's poison
             ... on level 1 of the Dungeon.
             The game lasted 00:00:08 (52 turns).

Newt the Ducker (Demonspawn Gladiator)                Turns: 52, Time: 00:00:08

Health: -1/16      AC:  4    Str: 14    XL:     1   Next: 25%
Magic:  1/1        EV: 12    Int:  9    God:
Gold:   0          SH:  0    Dex: 14    Spells: 0/0 levels left

rFire   . . .      SeeInvis .    f - +3 whip
rCold   . . .      Faith    .    (no shield)
rNeg    . . .      Spirit   .    b - +0 leather armour
rPois   .          Reflect  .    c - +0 helmet
rElec   .          Harm     .    (no cloak)
rCorr   .          Rampage  .    (no gloves)
Will    .....                    (no boots)
Stlth   +                        (no amulet)
HPRegen 0.22/turn                (no ring)
MPRegen 0.07/turn                (no ring)

@: lethally poisoned (-1 -> -19)
A: no striking features
a: no special abilities


You were on level 1 of the Dungeon.
You visited 1 branch of the dungeon, and saw 1 of its levels.

Inventory:

Hand Weapons
 a - a +0 rapier
 f - a +3 whip (weapon)
Missiles
 d - 2 throwing nets (quivered)
 e - a javelin
Armour
 b - a +0 leather armour (worn)
 c - a +0 helmet (worn)


   Skills:
 - Level 2.0 Fighting
 - Level 2.6 Short Blades
 - Level 1.7 Throwing
 - Level 2.6 Dodging
 + Level 0.6 Stealth


You couldn't memorise any spells.
You didn't know any spells.
Your spell library was empty.

Dungeon Overview and Level Annotations

Branches:
Dungeon (1/15)

Altars:


Message History

You puncture the kobold!
You kill the kobold!
No target in view!
No target in view!
No target in view!
No target in view!
You see here a +3 whip.
f - a +3 whip
f - a +3 whip (weapon)
There is a stone staircase leading down here.
A rat comes into view.
A rat is nearby!
A rat is nearby!
A kobold comes into view. It is wielding a +2 dagger of venom.
The kobold shouts!
The rat bites you.
You hit the rat but do no damage. The rat completely misses you.
The kobold hits you but does no damage.
You are poisoned.
You hit the rat.
You kill the rat!
You feel very sick.
The kobold hits you with a +2 dagger of venom.
You are more poisoned.
You are too injured to fight recklessly!
You are too injured to fight recklessly!
There is a lethal amount of poison in your body!
Unknown command.
Throw: 3 throwing nets
Press: ? - help, Q - select action, (/) - cycle Shift-Dir - straight line, f - kobold
Aim: a kobold, wielding a +2 dagger of venom and quivering stones (51% to hit)
You throw a throwing net. The throwing net hits the kobold.
The kobold is caught in the net!
* * * LOW HITPOINT WARNING * * *
You feel very sick.
The kobold struggles against the net.
You aren't carrying any potions.
You hit the kobold.
You kill the kobold!
You die...

#.# #.# #.###.#
#......
########.####.
###.........# ##
#...#######.#
########.#########.#
#......)...........#
###..@.###########
#.#### #


There were no monsters in sight!

Vanquished Creatures
  2 kobolds (D:1)
  A rat (D:1)
3 creatures vanquished.

Notes
Turn   | Place    | Note
-------+----------+-------------------------------------------
     0 | D:1      | Newt the Demonspawn Gladiator began the quest for the Orb.
     0 | D:1      | Reached XP level 1. HP: 16/16 MP: 1/1
    52 | D:1      | Succumbed to a kobold's poison

Illustrated notes

Levels and vault maps discovered:
D:1:      wheals_arrival_shading, layout_basic,
          hellmonk_ecumenical_altar_leap_of_faith

Action                   || total
-------------------------++-------
Melee: Whip              ||     3
       Rapier            ||     1
Throw: Throwing net      ||     1
Armor: Leather armour    ||     1
Dodge: Dodged            ||     1

Table legend: (Time is in decaauts)
 A = Elapsed time spent in this place.
 B = Non-inter-level travel time spent in this place.
 C = Inter-level travel time spent in this place.
 D = Time resting spent in this place.
 E = Time spent auto-exploring this place.
 F = Levels seen in this place.
 G = Mean time per level.
                   A        B        C        D        E       F      G
               +--------+--------+--------+--------+--------+-----+--------+
         Total |     51 |     51 |      0 |      0 |     37 |   1 |   51.0 |
       Dungeon |     51 |     51 |      0 |      0 |     37 |   1 |   51.0 |
               +--------+--------+--------+--------+--------+-----+--------+

Top non-repeatable levels by time:
     D:1: 51 daAuts
